 Dungeon Crawl Stone Soup version 0.19-a0-1127-gac58878 (webtiles) character file.

780 kae the Covered (level 7, -1/61 HPs)
             Began as a Minotaur Fighter on Aug 12, 2016.
             Was an Initiate of Makhleb.
             Slain by a mummy (14 damage)
             ... in an ossuary.
             The game lasted 00:05:49 (3998 turns).

kae the Covered (Minotaur Fighter)                  Turns: 3998, Time: 00:05:50

Health: -1/61      AC:  9    Str: 20    XL:     7   Next: 55%
Magic:  6/6        EV:  9    Int:  7    God:    Makhleb [......]
Gold:   267        SH: 10    Dex: 10    Spells: 0 memorised, 6 levels left

rFire  + . .     SeeInvis +     d - +0 falchion (slice)
rCold  + . .     Gourm    .     b - +0 scale mail
rNeg   . . .     Faith    .     c - +0 shield
rPois  +         Spirit   .     (helmet restricted)
rElec  +         Dismiss  .     (no cloak)
rCorr  +         Reflect  .     (no gloves)
SustAt .         Harm     .     (no boots)
MR     .....                    (no amulet)
Stlth  ..........               j - ring of see invisible
                                a - ring of poison resistance

@: resistant
A: retaliatory headbutt, horns 2, icy blue scales 1
a: Renounce Religion


You were in an ossuary.
You worshipped Makhleb.
Makhleb was noncommittal.
You were not hungry.

You visited 2 branches of the dungeon, and saw 7 of its levels.
You also visited: Ossuary.

You collected 267 gold pieces.

Inventory:

Hand Weapons
 d - a +0 falchion of slicing (weapon)
Armour
 b - a +0 scale mail (worn)
 c - a +0 shield (worn)
Jewellery
 a - a ring of poison resistance (left hand)
 j - a ring of see invisible (right hand)
Wands
 m - a wand of slowing (48/48)
 q - a wand of polymorph (10/24)
 v - a wand of acid (7/15)
Scrolls
 e - 3 scrolls of remove curse
 h - 3 scrolls of identify
 p - 2 scrolls of magic mapping
 s - 2 scrolls of teleportation
Potions
 l - a potion of curing
 o - a potion of flight
 u - a potion of mutation
 x - a potion of cancellation
Comestibles
 f - 4 bread rations
 g - 6 fruits
 k - 2 meat rations
 n - a beef jerky


   Skills:
 - Level 5.0 Fighting
 + Level 5.5 Long Blades
 - Level 5.9 Armour
 - Level 4.0 Dodging
 - Level 0.1 Stealth
 - Level 5.8 Shields


You had 6 spell levels left.
You didn't know any spells.

Dungeon Overview and Level Annotations

Branches:
Dungeon (6/15)             Temple (1/1) D:5

Altars:
Dithmenos
Elyvilon
Fedhas
Kikubaaqudgha
Makhleb
Nemelex Xobeh
Okawaru
Qazlal
Ru
Sif Muna
Trog
Uskayaw
Lugonu


Innate Abilities, Weirdness & Mutations

You reflexively headbutt those who attack you in melee.
You have a pair of horns on your head.
You are partially covered in icy blue scales. (AC +2)


Message History

Unknown command.
You hit the big kobold zombie. You headbutt the big kobold zombie.
The big kobold zombie is almost destroyed.
The big kobold zombie hits you.
* * * LOW HITPOINT WARNING * * *
You block the hobgoblin zombie's attack.
You block the mummy's attack.
Unknown command.
You closely miss the big kobold zombie.
Your headbutt misses the big kobold zombie.
The big kobold zombie is almost destroyed.
The big kobold zombie hits you but does no damage.
You block the hobgoblin zombie's attack.
Unknown command.
You hit the big kobold zombie but do no damage.
You headbutt the big kobold zombie.
The big kobold zombie is almost destroyed.
The big kobold zombie hits you but does no damage.
The mummy hits you!
You die...

#....#
#....#
#....#
#....#
#....#
#....#
#Z...#
#ZZ..#
#@MZ.#
######


You could see a mummy, 2 hobgoblin zombies, a gnoll zombie and a big kobold
zombie.

Vanquished Creatures
  An ice beast (D:5)
  An ogre (D:6)
  A centaur (D:5)
  A scorpion (D:4)
  A hound (D:4)
  An orc priest (D:3)
  2 orc wizards (D:4)
  A giant frog skeleton (D:5)
  Ijyb (D:2)
  2 iguanas
  A worker ant (D:4)
  3 mummies (Ossuary)
  A worker ant zombie (D:5)
  A gnoll (D:2)
  5 adders
  2 oozes
  An adder skeleton (D:6)
  3 worms (D:3)
  A dart slug (D:2)
  4 giant geckos
  17 orcs
  5 bats
  11 goblins
  8 hobgoblins
  7 jackals
  10 kobolds
  A quokka (D:3)
  A ball python skeleton (D:4)
  2 giant newts
  2 gnoll zombies (Ossuary)
  A hobgoblin zombie (Ossuary)
  An orc zombie (Ossuary)
  9 rats
109 creatures vanquished.

Notes
Turn   | Place    | Note
-------+----------+-------------------------------------------
     0 | D:1      | kae the Minotaur Fighter began the quest for the Orb.
     0 | D:1      | Reached XP level 1. HP: 19/19 MP: 0/0
   128 | D:1      | Reached XP level 2. HP: 20/27 MP: 1/1
   589 | D:2      | Reached XP level 3. HP: 33/33 MP: 2/2
  1005 | D:2      | Noticed Ijyb
  1033 | D:2      | Killed Ijyb
  1033 | D:2      | Reached skill level 1 in Dodging
  1033 | D:2      | Reached XP level 4. HP: 30/41 MP: 3/3
  1724 | D:3      | Noticed a moth of wrath
  1727 | D:3      | Found a bloodstained altar of Trog.
  1734 | D:3      | Reached XP level 5. HP: 47/47 MP: 4/4
  2058 | D:3      | Reached skill level 5 in Armour
  2290 | D:3      | Found an ancient bone altar of Kikubaaqudgha.
  2402 | D:4      | Found a sparkling altar of Nemelex Xobeh.
  2507 | D:4      | Reached XP level 6. HP: 39/53 MP: 5/5
  2563 | D:4      | Reached skill level 5 in Shields
  3321 | D:5      | Entered Level 5 of the Dungeon
  3376 | D:5      | Found an iron altar of Okawaru.
  3433 | D:5      | Reached XP level 7. HP: 55/60 MP: 6/6
  3451 | D:5      | Found a staircase to the Ecumenical Temple.
  3480 | Temple   | Entered the Ecumenical Temple
  3512 | Temple   | Became a worshipper of Makhleb the Destroyer
  3547 | D:5      | Found a shadowy altar of Dithmenos.
  3667 | D:5      | Reached skill level 5 in Fighting
  3818 | D:6      | Noticed a hand axe
  3818 | D:6      | Noticed a hand axe
  3819 | D:6      | Found a hide-covered altar of Uskayaw.
  3876 | D:6      | Reached skill level 5 in Long Blades
  3882 | D:6      | Found a stormy altar of Qazlal.
  3904 | D:6      | Found a sand-covered staircase.
  3909 | Ossuary  | Entered an ossuary
  3954 | Ossuary  | Gained mutation: You are partially covered in icy blue scales. (AC +2) [potion of beneficial mutation]
  3998 | Ossuary  | Slain by a mummy

Vault maps used:
D:1:      evilmike_arrival_plus, serial_bayou_lagoon_a
D:2:      kennysheep_goblin_castle
D:3:      lemuel_coloured_pillars_altar, first_bread, tgw_trog
D:4:      lemuel_round_altar, kennysheep_small_circle
D:5:      old_standard_altar, basic_altar
D:6:      dancing_weapons_uskayaw, kennysheep_mini, grunt_qazlal_clouds,
          enter_ossuary_5, portal_sewer_entry_d
Temple:   corrupted_temple
Ossuary:  ossuary_tomb_3

Skill      XL: |  1  2  3  4  5  6  7 |
---------------+----------------------+-----
Armour         | 4 5 |  5.9
Shields        | 4 5 |  5.8
Fighting       | 4 5 |  5.0
Long Blades    | 3 5 |  5.5
Dodging        | 1 2 3 4 |  4.0
Stealth        | |  0.1

Action                   |  1- 3 |  4- 6 |  7- 9 || total
-------------------------+-------+-------+-------++-------
Melee: Long sword        |   127 |    16 |       ||   143
       Headbutt          |    16 |    41 |    19 ||    76
       Falchion          |       |   144 |    78 ||   222
  Use: Scroll            |       |     7 |     5 ||    12
       Potion            |       |     1 |     4 ||     5
  Eat: Chunk             |       |     8 |     2 ||    10
Armor: Scale mail        |    51 |    47 |    22 ||   120
Dodge: Dodged            |    36 |    46 |    17 ||    99
Block: Shield            |    57 |    82 |    39 ||   178
